 Dungeon Crawl Stone Soup version 0.31.0-11-ge490571c62 (webtiles) character file.

Game seed: 9330701733266306933

998 bobo the Ruffian (level 8, -3/97 (120) HPs)
             Began as a Troll Chaos Knight on Feb 11, 2024.
             Was a Plaything of Xom.
             Slain by a wight
             ... wielding a +0 falchion
              (9 damage)
             ... on level 5 of the Dungeon.
             The game lasted 00:10:36 (3689 turns).

bobo the Ruffian (Troll Chaos Knight)               Turns: 3689, Time: 00:10:37

HP:   -3/97 (120)   AC: 24    Str: 22      XL:     8   Next: 0%
MP:   7/7           EV:  1    Int: 12      God:    Xom [......]
Gold: 176           SH:  0    Dex:  7 (8)  Spells: 7/7 levels left

rFire   . .          .
                       - Unarmed
rCold   . . .        (no shield)
rNeg    . . .        a - melded +2 robe
rPois   +            (helmet currently unavailable)
rElec   .            (cloak currently unavailable)
rCorr   .            (gloves unavailable)
SInv    .            (boots unavailable)
Will    .....        (no amulet)
Stlth   +            j - ring of poison resistance
HPRegen 1.16/turn    (no ring)
MPRegen 0.10/turn

%: no passive effects
@: brilliant, tree-form, heavily drained
A: stationary, stasis, torment immunity, boosted hp, large, unfitting armour,
(claws 3), regeneration 1, (shaggy fur 1), (tough skin 1), clever 1, MP-powered
wands
a: Renounce Religion


You were on level 5 of the Dungeon.
You worshipped Xom.
You were a very special plaything of Xom.
You were a tree.
You visited 1 branch of the dungeon, and saw 5 of its levels.
You also visited: Sewer.

You collected 176 gold pieces.

Inventory:

Missiles
 f - 17 poisoned darts (quivered)
 m - 2 curare-tipped darts
Armour
 a - a +2 robe (melded)
Jewellery
 j - a ring of poison resistance (left branch)
Wands
 e - a wand of flame (5)
Scrolls
 b - a scroll of butterflies
 i - 2 scrolls of teleportation
 l - a scroll of fear
 o - 2 scrolls of fog
Potions
 c - 3 potions of curing
 h - a potion of lignification
 n - 2 potions of invisibility


   Skills:
 + Level 5.2 Fighting
 + Level 4.4 Dodging
 + Level 6.2 Unarmed Combat


You had 7 spell levels left.
You didn't know any spells.
Your spell library was empty.

Dungeon Overview and Level Annotations

Branches:
Dungeon (5/15)             Temple (0/1) D:4           Sewer (visited)

Altars:
Ashenzari
Elyvilon
Gozag
Xom
Zin
The Shining One

Annotations:
D:4 3 runed translucent doors, bearlyready's ghost, amateur GnNe


Innate Abilities, Weirdness & Mutations

You are a tree.
Your roots penetrate the ground, keeping you stationary.
You cannot be teleported.
You are immune to unholy pain and torment.
Your maximum health is greatly increased.
Your equipment is partially melded.
You are too large for most types of armour.
((You have claws for hands.))
Your natural rate of healing is unusually fast.
((You are covered in fur. (AC +1)))
((You have tough skin. (AC +1)))
Your mind is acute. (Int +4, Str/Dex -1)
You expend magic power (3 MP) to strengthen your wands.


Message History

You feel drained.
The wight hits you but does no damage. x2
The wight hits you with a +0 great sword!
You feel drained.
As you read the scroll labelled PUHEIPRAYMU, it crumbles to dust.
It is a scroll of identify.
n - 2 potions of invisibility The crimson imp blinks!
The wight hits you but does no damage. x3
The wight hits you with a +3 great sword.
You feel drained.
As you read the scroll labelled IWETUPPOCO, it crumbles to dust.
The creatures around you are filled with an inner flame!
It was a scroll of immolation.
The crimson imp blinks!
The wight hits you but does no damage. x2
The wight hits you with a +0 falchion.
The wight hits you with a +0 great sword!
* * * LOW HITPOINT WARNING * * *
You feel drained.
* * * LOW HITPOINT WARNING * * *
Okay, then.
Unknown command.
It was a potion of brilliance.
You feel clever all of a sudden.
Cornered, the ufetubus turns to fight!
The crimson imp blinks!
The wight hits you but does no damage. The wight hits you with a +0 dagger.
* * * LOW HITPOINT WARNING * * *
The wight hits you with a +0 great sword.
* * * LOW HITPOINT WARNING * * *
The wight hits you but does no damage.
You feel extremely strange.
You feel genetically unstable.
You begin to heal more quickly.
Your rate of healing slows.
You feel your magical essence link to the dungeon's wands.
You feel clever.
The ufetubus shouts!
The crimson imp blinks!
The wight hits you but does no damage.
The wight hits you with a +0 great sword.
* * * LOW HITPOINT WARNING * * *
The wight hits you with a +0 falchion!
You die...
Xom laughs nastily!

# #.
#..##########
#._...§§§§§.#
#._...z§§§§.#
#...§.z♣5§§.#
#.....zz....#
#=.......5..#
#§........._#
#.......5.._..
#..#####.##....
#.. ..# ./5. ..
## ###


You could see 4 wights, a crimson imp (summoned, inner flame, fleeing), a shadow
imp (summoned, inner flame, fleeing) and 2 ufetubi.

Vanquished Creatures
  Eustachio (D:4)
  An ogre (D:4)
  4 kobold brigands (Sewer)
  A wight (D:5)
  A bombardier beetle (D:3)
  A hound (D:4)
  A jelly (D:4)
  An orc priest (D:3)
  A sleepcap (D:4)
  An orc wizard (D:4)
  5 adders
  3 river rats (Sewer)
  5 dart slugs
  5 ribbon worms
  10 orcs
  5 bats
  8 endoplasms
  4 giant cockroaches
  7 goblins
  8 hobgoblins
  4 jackals (D:1)
  8 kobolds
  2 quokkas
  9 ball pythons
  4 frilled lizards
  14 rats
114 creatures vanquished.

Vanquished Creatures (collateral kills)
  A kobold brigand (Sewer)
  A ball python (Sewer)
  An endoplasm (Sewer)
3 creatures vanquished.

Grand Total: 117 creatures vanquished

Notes
Turn   | Place    | Note
-------+----------+-------------------------------------------
     0 | D:1      | bobo the Troll Chaos Knight began the quest for the Orb.
     0 | D:1      | Reached XP level 1. HP: 22/22 MP: 0/0
   121 | D:1      | XOM: potion effect (invisibility)
   135 | D:1      | Reached XP level 2. HP: 22/29 MP: 1/1
   304 | D:1      | XOM: divination: detect creatures
   360 | D:1      | XOM: cloud trail
   383 | D:1      | Reached XP level 3. HP: 37/37 MP: 2/2
   790 | D:2      | XOM: noise
   879 | D:2      | XOM is BORED!
   879 | D:2      | XOM: noise
  1055 | D:2      | XOM: divination: detect items
  1242 | D:2      | XOM: noise
  1473 | D:3      | XOM: silly message
  1540 | D:3      | Reached skill level 4 in Unarmed Combat
  1577 | D:3      | Reached XP level 4. HP: 45/45 MP: 3/3
  1882 | D:3      | Reached XP level 5. HP: 40/53 MP: 4/4
  2020 | D:3      | Found a glowing golden altar of the Shining One.
  2020 | D:3      | Found a white marble altar of Elyvilon.
  2020 | D:3      | Found a glowing silver altar of Zin.
  2075 | D:3      | XOM: give mutations
  2075 | D:3      | Gained mutation: Your flesh is heat resistant. (rF+) [Xom's
                  | mischief]
  2075 | D:3      | Gained mutation: You occasionally lose the ability to read
                  | scrolls when taking damage. [Xom's mischief]
  2213 | D:3      | XOM: stat loss: -1 Str (21/22)
  2339 | D:4      | XOM: noise
  2339 | D:4      | Found a broken altar of Ashenzari.
  2345 | D:4      | Found a staircase to the Ecumenical Temple.
  2395 | D:4      | Noticed an ogre
  2402 | D:4      | Killed an ogre
  2403 | D:4      | Reached XP level 6. HP: 62/62 MP: 5/5
  2448 | D:4      | XOM: summons friendly quasit
  2467 | D:4      | XOM: god gift: staff of air
  2598 | D:4      | Lost mutation: Your flesh is heat resistant. (rF+) [potion
                  | of mutation]
  2598 | D:4      | Lost mutation: You occasionally lose the ability to read
                  | scrolls when taking damage. [potion of mutation]
  2598 | D:4      | Gained mutation: You are somewhat resistant to further
                  | mutation. [potion of mutation]
  2618 | D:4      | Reached skill level 5 in Unarmed Combat
  2634 | D:4      | Found a glowing drain.
  2648 | Sewer    | Entered a sewer
  2739 | Sewer    | XOM: potion effect (might)
  2827 | Sewer    | XOM: 3-stop teleportation journey
  2877 | Sewer    | Reached XP level 7. HP: 71/71 MP: 6/6
  2985 | Sewer    | XOM: god gift: 43 gold pieces
  3315 | D:4      | Found a runed translucent gate.
  3315 | D:4      | Found an opulent altar of Gozag.
  3315 | D:4      | Found a runed translucent gate.
  3316 | D:4      | Found a runed translucent gate.
  3316 | D:4      | Noticed bearlyready's ghost (amateur GnNe)
  3330 | D:4      | Noticed Eustachio
  3341 | D:4      | XOM: polymorph quasit -> ufetubus
  3349 | D:4      | Killed Eustachio
  3350 | D:4      | Reached skill level 5 in Fighting
  3350 | D:4      | Reached skill level 6 in Unarmed Combat
  3673 | D:5      | Entered Level 5 of the Dungeon
  3674 | D:5      | XOM: scenery: create altars
  3679 | D:5      | Reached XP level 8. HP: 80/80 MP: 7/7
  3679 | D:5      | XOM: summons 5 hostile demons
  3689 | D:5      | Lost mutation: You are somewhat resistant to further
                  | mutation. [potion of mutation]
  3689 | D:5      | Gained mutation: You heal very quickly. [potion of
                  | mutation]
  3689 | D:5      | Lost mutation: You heal very quickly. [potion of mutation]
  3689 | D:5      | Gained mutation: You expend magic power (3 MP) to
                  | strengthen your wands. [potion of mutation]
  3689 | D:5      | Gained mutation: Your mind is acute. (Int +4, Str/Dex -1)
                  | [potion of mutation]
  3689 | D:5      | Slain by a wight

Illustrated notes

Levels and vault maps discovered:
D:1:      nzn_arrival_crosshair, layout_loops_ring, corexii_hall_statues_x,
          serial_bayou_pond_e
D:2:      layout_basic
D:3:      cheibrodos_old_hovel, layout_loops_corners, good_gods_mini_temple
D:4:      layout_cave_pools, evilmike_ruin_ashenzari,
          minmay_temple_entry_from_below_b, ebering_ghost_gozag,
          portal_sewer_entry_a, chequers_serial_rivers_small_b,
          chequers_mini_garden, minmay_surrounded, uniq_eustachio
D:5:      layout_basic, vehumet_altar_wand_db, serial_shops, shop,
          kennysheep_nondescript

Skill      XL: |  1  2  3  4  5  6  7 |
---------------+----------------------+-----
Fighting       | 3 4 5 |  5.2
Dodging        | 2 3 4 |  4.4
Unarmed Combat | 4 5 6 |  6.2

Action                     |  1- 3 |  4- 6 |  7- 9 || total
---------------------------+-------+-------+-------++-------
  Melee: Unarmed           |    97 |   137 |    75 ||   309
         Punch             |     3 |     4 |     2 ||     9
    Use: Scroll            |       |     3 |     5 ||     8
         Potion            |       |     4 |     3 ||     7
   Stab: Invisible         |     3 |       |       ||     3
         Sleeping          |     2 |     1 |       ||     3
         Distracted        |       |     1 |       ||     1
 Armour: Robe              |    51 |    86 |    55 ||   192
         Skin              |       |       |    62 ||    62
  Dodge: Dodged            |    54 |    69 |    42 ||   165
